General information
- name: BNet
- type: Ladder team game (AT/RT)
- host: Battle.net
- saver: MONSTER-HUNTER-
map: TwilightRuins
- players: 8
- length: 22:59
- speed: Fast
- version: 1.28 W3XP
- replay type: Public
» download(231 KB)
Players
team 1 (loser)
hjd999 (
blue | 66 APM | 1332 actions | 20:17)
4 Keeper of the Grove
2 Force of Nature
2 Entangling Roots
2 Priestess of the Moon
1 Searing Arrows
1 Trueshot Aura
1 Naga Sea Witch
1 Frost Arrows
» actions
| Assign group hotkey | 8 | |
| Basic commands | 281 | |
| Build / train | 74 | |
| Enter build submenu | 15 | |
| Enter hero's abilities submenu | 7 | |
| Give item / drop item | 6 | |
| Remove unit from queue | 1 | |
| Right click | 309 | |
| Select / deselect | 436 | |
| Select group hotkey | 111 | |
| Use ability | 84 | |
1332 total
» units
| Wisp | 13 | |
| Archer | 15 | |
| Faerie Dragon | 3 | |
| Dryad | 3 | |
| Hippogryph | 16 | |
50 total
» upgrades
| Backpack | 0 | |
| Improved Bows | 1 | |
| Abolish Magic | 1 | |
| Strength of the Moon | 1 | |
| Moon Armor | 1 | |
| Strength of the Wild | 1 | |
5 total
» buildings
| Altar of Elders | 1 | |
| Moon Well | 8 | |
| Ancient of War | 1 | |
| Tree of Ages | 1 | |
| Hunter's Hall | 1 | |
| Ancient of Wonders | 1 | |
| Ancient of Wind | 2 | |
| Ancient of Lore | 1 | |
| Tree of Eternity | 1 | |
17 total
» build order
00:05 Altar of Elders
00:08 Moon Well
00:20 Ancient of War
01:52 Moon Well
02:52 Tree of Ages
03:18 Moon Well
04:42 Hunter's Hall
05:48 Ancient of Wonders
06:41 Ancient of Wind
07:29 Ancient of Lore
09:44 Tree of Eternity
09:49 Moon Well
10:27 Moon Well
11:29 Moon Well
15:41 Moon Well
16:16 Ancient of Wind
17:05 Moon Well
» items

»
Master (
orange | 133 APM | 2718 actions | 20:23)
3 Dreadlord
2 Sleep
1 Vampiric Aura
» actions
| Assign group hotkey | 190 | |
| Basic commands | 92 | |
| Build / train | 49 | |
| Enter build submenu | 17 | |
| Enter hero's abilities submenu | 3 | |
| Give item / drop item | 5 | |
| Right click | 489 | |
| Select / deselect | 263 | |
| Select group hotkey | 1516 | |
| Use ability | 94 | |
2718 total
» units
| Acolyte | 5 | |
| Ghoul | 5 | |
| Necromancer | 12 | |
| Makrura Deepseer | 2 | |
24 total
» upgrades
| Necromancer Training | 2 | |
| Skeletal Longevity | 1 | |
| Skeletal Mastery | 1 | |
| Destroyer Form | 1 | |
5 total
» buildings
| Crypt | 1 | |
| Graveyard | 1 | |
| Ziggurat | 6 | |
| Halls of the Dead | 2 | |
| Nerubian Tower | 1 | |
| Altar of Darkness | 2 | |
| Sacrificial Pit | 1 | |
| Temple of the Damned | 3 | |
| Black Citadel | 1 | |
| Spirit Tower | 2 | |
| Tomb of Relics | 1 | |
| Slaughterhouse | 1 | |
22 total
» build order
00:09 Crypt
00:14 Graveyard
00:38 Ziggurat
01:58 Halls of the Dead
01:58 Halls of the Dead
02:06 Nerubian Tower
02:21 Altar of Darkness
02:23 Altar of Darkness
02:44 Ziggurat
03:48 Ziggurat
03:51 Ziggurat
04:23 Sacrificial Pit
04:29 Temple of the Damned
04:32 Temple of the Damned
04:35 Temple of the Damned
05:22 Black Citadel
06:05 Spirit Tower
09:23 Tomb of Relics
11:01 Slaughterhouse
12:32 Spirit Tower
13:59 Ziggurat
13:59 Ziggurat
» items
| Staff of Teleportation | 1 | |
| Scroll of Town Portal | 2 | |
| Potion of Healing | 1 | |
| Potion of Mana | 1 | |
| Scroll of Speed | 1 | |
| Orb of Venom | 1 | |
| Scroll of Healing | 1 | |
| Scroll of Protection | 1 | |
9 total
BIFF-TANNER (
yellow | 30 APM | 686 actions | 22:57)
3 Far Seer
2 Feral Spirit
1 Chain Lighting
» actions
| Basic commands | 15 | |
| Build / train | 69 | |
| Enter build submenu | 46 | |
| Enter hero's abilities submenu | 3 | |
| Remove unit from queue | 3 | |
| Right click | 232 | |
| Select / deselect | 253 | |
| Use ability | 65 | |
686 total
» units
| Peon | 12 | |
| Grunt | 5 | |
| Goblin Shredder | 1 | |
| Raider | 10 | |
| Shaman | 7 | |
| Tauren | 2 | |
| Troll Batrider | 7 | |
44 total
» upgrades
| Armor | 2 | |
| Melee Weapons | 3 | |
| Shaman Training | 2 | |
| Reinforced Defenses | 1 | |
| Ensnare | 1 | |
| Ranged Weapons | 2 | |
11 total
» buildings
| Orc Burrow | 7 | |
| Altar of Storms | 1 | |
| Voodoo Lounge | 1 | |
| War Mill | 1 | |
| Barracks | 1 | |
| Stronghold | 1 | |
| Fortress | 1 | |
| Great Hall | 1 | |
| Watch Tower | 22 | |
| Beastiary | 2 | |
| Spirit Lodge | 1 | |
| Tauren Totem | 1 | |
40 total
» build order
00:43 Orc Burrow
00:58 Altar of Storms
01:04 Voodoo Lounge
01:22 War Mill
01:38 Orc Burrow
02:25 Barracks
03:18 Stronghold
03:36 Orc Burrow
05:57 Fortress
06:37 Great Hall
06:40 Watch Tower
07:20 Beastiary
07:25 Beastiary
08:22 Spirit Lodge
08:27 Watch Tower
09:56 Tauren Totem
10:11 Orc Burrow
10:44 Watch Tower
11:24 Watch Tower
12:07 Watch Tower
13:01 Orc Burrow
13:04 Orc Burrow
13:58 Orc Burrow
15:42 Watch Tower
15:45 Watch Tower
17:40 Watch Tower
17:44 Watch Tower
17:47 Watch Tower
19:46 Watch Tower
19:52 Watch Tower
19:58 Watch Tower
20:01 Watch Tower
20:04 Watch Tower
20:12 Watch Tower
20:32 Watch Tower
20:53 Watch Tower
20:57 Watch Tower
21:03 Watch Tower
21:08 Watch Tower
21:13 Watch Tower
» items
| Healing Salve | 1 | |
| Scroll of Town Portal | 3 | |
4 total

»
BlackCrown (
teal | 42 APM | 810 actions | 19:13)
4 Demon Hunter
2 Mana Burn
2 Evasion
2 Keeper of the Grove
1 Entangling Roots
1 Thorns Aura
» actions
| Assign group hotkey | 19 | |
| Basic commands | 49 | |
| Build / train | 67 | |
| ESC pressed | 5 | |
| Enter build submenu | 21 | |
| Enter hero's abilities submenu | 6 | |
| Give item / drop item | 2 | |
| Right click | 316 | |
| Select / deselect | 220 | |
| Select group hotkey | 30 | |
| Use ability | 75 | |
810 total
» units
| Wisp | 27 | |
| Dryad | 7 | |
| Druid of the Claw | 6 | |
40 total
» upgrades
| Druid of the Claw Training | 2 | |
| Strength of the Wild | 3 | |
| Abolish Magic | 1 | |
| Mark of the Claw | 1 | |
| Reinforced Hides | 1 | |
| Ultravision | 1 | |
9 total
» buildings
| Altar of Elders | 2 | |
| Moon Well | 9 | |
| Ancient of War | 1 | |
| Tree of Life | 2 | |
| Tree of Ages | 2 | |
| Hunter's Hall | 1 | |
| Ancient of Wonders | 1 | |
| Tree of Eternity | 1 | |
| Ancient of Lore | 3 | |
22 total
» build order
00:12 Altar of Elders
00:16 Moon Well
00:20 Altar of Elders
00:43 Ancient of War
02:40 Tree of Life
03:24 Moon Well
03:29 Tree of Ages
03:29 Tree of Ages
05:10 Hunter's Hall
06:01 Ancient of Wonders
06:03 Tree of Eternity
06:17 Ancient of Lore
06:20 Ancient of Lore
07:18 Ancient of Lore
08:54 Moon Well
08:55 Moon Well
10:38 Moon Well
10:39 Moon Well
12:30 Moon Well
12:30 Moon Well
16:21 Tree of Life
16:24 Moon Well
» items
| Orb of Lightning | 1 | |
| Scroll of Town Portal | 3 | |
| Potion of Healing | 1 | |
| Orb of Venom | 1 | |
| Anti-magic Potion | 1 | |
7 total
team 2 (winner)

»
ProtoGod (
pink | 43 APM | 997 actions | 22:57)
6 Archmage
3 Blizzard
2 Brilliance Aura
1 Mass Teleport
3 Paladin
2 Holy Light
1 Divine Shield
» actions
| Build / train | 72 | |
| Enter build submenu | 38 | |
| Enter hero's abilities submenu | 9 | |
| Give item / drop item | 1 | |
| Remove unit from queue | 11 | |
| Right click | 448 | |
| Select / deselect | 337 | |
| Use ability | 81 | |
997 total
» units
| Peasant | 16 | |
| Footman | 5 | |
| Gryphon Rider | 4 | |
| Dragonhawk Rider | 5 | |
30 total
» upgrades
| Masonry | 1 | |
| Swords | 2 | |
| Armor | 2 | |
| Storm Hammers | 1 | |
| Cloud | 1 | |
| Lumber Harvesting | 1 | |
8 total
» buildings
| Altar of Kings | 1 | |
| Farm | 11 | |
| Barracks | 1 | |
| Lumber Mill | 1 | |
| Scout Tower | 7 | |
| Arcane Vault | 3 | |
| Arcane Tower | 1 | |
| Guard Tower | 4 | |
| Keep | 2 | |
| Town Hall | 7 | |
| Blacksmith | 1 | |
| Gryphon Aviary | 2 | |
| Castle | 1 | |
42 total
» build order
00:14 Altar of Kings
00:21 Farm
00:36 Barracks
00:57 Farm
01:36 Farm
01:52 Lumber Mill
02:13 Scout Tower
02:16 Scout Tower
02:43 Arcane Vault
02:47 Arcane Tower
02:55 Guard Tower
03:46 Keep
04:37 Town Hall
04:39 Scout Tower
04:51 Blacksmith
05:00 Farm
05:16 Guard Tower
05:22 Scout Tower
05:46 Farm
05:54 Scout Tower
05:55 Guard Tower
06:37 Guard Tower
06:46 Town Hall
06:59 Gryphon Aviary
07:24 Castle
07:27 Gryphon Aviary
07:33 Scout Tower
08:03 Guard Tower
08:31 Scout Tower
08:58 Guard Tower
09:03 Town Hall
09:40 Guard Tower
09:43 Guard Tower
10:14 Farm
10:45 Farm
10:49 Farm
11:29 Farm
11:31 Farm
12:51 Town Hall
12:53 Guard Tower
12:54 Guard Tower
13:33 Farm
17:23 Town Hall
19:28 Town Hall
19:58 Arcane Vault
20:49 Keep
21:15 Arcane Vault
21:40 Town Hall
» items
| Scroll of Regeneration | 3 | |
| Ivory Tower | 4 | |
| Scroll of Town Portal | 1 | |
8 total

»
GoldenShadder (
red | 56 APM | 1280 actions | 22:57)
7 Death Knight
3 Death Coil
3 Unholy Aura
1 Animate Dead
» actions
| Assign group hotkey | 12 | |
| Build / train | 53 | |
| Enter build submenu | 18 | |
| Enter hero's abilities submenu | 7 | |
| Right click | 538 | |
| Select / deselect | 183 | |
| Select group hotkey | 420 | |
| Use ability | 49 | |
1280 total
» units
| Acolyte | 12 | |
| Ghoul | 5 | |
| Crypt Fiend | 7 | |
| Gargoyle | 4 | |
| Frost Wyrm | 5 | |
33 total
» upgrades
| Web | 1 | |
| Burrow | 1 | |
| Creature Attack | 2 | |
| Creature Carapace | 2 | |
| Freezing Breath | 1 | |
7 total
» buildings
| Ziggurat | 15 | |
| Altar of Darkness | 1 | |
| Crypt | 2 | |
| Graveyard | 2 | |
| Halls of the Dead | 1 | |
| Tomb of Relics | 1 | |
| Black Citadel | 1 | |
| Sacrificial Pit | 1 | |
| Spirit Tower | 1 | |
| Boneyard | 3 | |
28 total
» build order
00:54 Ziggurat
00:58 Altar of Darkness
01:01 Crypt
01:05 Crypt
01:23 Graveyard
01:36 Graveyard
01:46 Ziggurat
02:34 Ziggurat
05:03 Halls of the Dead
06:06 Ziggurat
06:15 Tomb of Relics
08:31 Black Citadel
08:37 Ziggurat
08:38 Ziggurat
08:38 Ziggurat
08:40 Ziggurat
08:57 Ziggurat
09:04 Sacrificial Pit
09:58 Spirit Tower
11:01 Boneyard
11:01 Boneyard
11:03 Boneyard
14:29 Ziggurat
14:30 Ziggurat
14:32 Ziggurat
14:33 Ziggurat
14:34 Ziggurat
15:24 Ziggurat
» items
| Potion of Healing | 1 | |
| Potion of Mana | 1 | |
2 total
MONSTER-HUNTER- (
purple | 79 APM | 1810 actions | 22:59)
6 Blademaster
2 Wind Walk
3 Critical Strike
1 Bladestorm
5 Shadow Hunter
2 Hex
3 Healing Wave
» actions
| Assign group hotkey | 25 | |
| Basic commands | 3 | |
| Build / train | 63 | |
| Enter build submenu | 11 | |
| Enter hero's abilities submenu | 11 | |
| Give item / drop item | 3 | |
| Right click | 835 | |
| Select / deselect | 165 | |
| Select group hotkey | 597 | |
| Use ability | 97 | |
1810 total
» units
| Peon | 11 | |
| Goblin Shredder | 1 | |
| Wind Rider | 6 | |
| Troll Batrider | 3 | |
21 total
» upgrades
| Ranged Weapons | 2 | |
| Reinforced Defenses | 1 | |
| Armor | 2 | |
| Envenomed Spears | 1 | |
| Liquid Fire | 1 | |
7 total
» buildings
| Altar of Storms | 1 | |
| Orc Burrow | 7 | |
| Voodoo Lounge | 1 | |
| Stronghold | 1 | |
| War Mill | 1 | |
| Great Hall | 1 | |
| Beastiary | 3 | |
| Fortress | 1 | |
| Watch Tower | 4 | |
20 total
» build order
00:08 Altar of Storms
00:18 Orc Burrow
00:57 Voodoo Lounge
02:08 Stronghold
02:29 Orc Burrow
02:30 Orc Burrow
02:31 Orc Burrow
03:31 War Mill
03:38 Great Hall
05:22 Beastiary
05:24 Beastiary
06:53 Fortress
07:21 Watch Tower
07:21 Watch Tower
07:22 Watch Tower
07:22 Watch Tower
08:37 Beastiary
08:59 Orc Burrow
08:59 Orc Burrow
12:33 Orc Burrow
» items
| Healing Salve | 5 | |
| Lesser Clarity Potion | 1 | |
| Potion of Mana | 1 | |
| Potion of Lesser Invulnerability | 2 | |
| Scroll of Healing | 2 | |
| Scroll of Town Portal | 5 | |
| Orb of Lightning | 1 | |
17 total
Majesty (
green | 65 APM | 1491 actions | 22:57)
7 Demon Hunter
3 Immolation
3 Evasion
1 Metamorphosis
6 Naga Sea Witch
3 Frost Arrows
2 Mana Shield
1 Tornado
» actions
| Assign group hotkey | 30 | |
| Basic commands | 16 | |
| Build / train | 85 | |
| ESC pressed | 1 | |
| Enter build submenu | 15 | |
| Enter hero's abilities submenu | 13 | |
| Remove unit from queue | 3 | |
| Right click | 808 | |
| Select / deselect | 263 | |
| Select group hotkey | 168 | |
| Use ability | 89 | |
1491 total
» units
| Wisp | 19 | |
| Archer | 4 | |
| Huntress | 10 | |
| Druid of the Claw | 11 | |
| Dryad | 2 | |
| Mountain Giant | 3 | |
| Glaive Thrower | 4 | |
53 total
» upgrades
| Druid of the Claw Training | 2 | |
| Mark of the Claw | 1 | |
| Reinforced Hides | 2 | |
| Strength of the Wild | 2 | |
| Vorpal Blades | 1 | |
8 total
» buildings
| Altar of Elders | 1 | |
| Moon Well | 7 | |
| Ancient of War | 1 | |
| Hunter's Hall | 1 | |
| Tree of Ages | 1 | |
| Tree of Life | 1 | |
| Ancient of Lore | 2 | |
| Tree of Eternity | 2 | |
| Ancient of Wonders | 1 | |
17 total
» build order
00:08 Altar of Elders
00:18 Moon Well
00:49 Ancient of War
01:30 Moon Well
02:10 Hunter's Hall
02:35 Moon Well
03:01 Moon Well
05:18 Tree of Ages
07:46 Tree of Life
07:52 Ancient of Lore
07:55 Ancient of Lore
11:45 Tree of Eternity
11:45 Tree of Eternity
11:53 Moon Well
11:57 Moon Well
13:59 Moon Well
18:09 Ancient of Wonders
» items
| Sentry Wards | 1 | |
| Scroll of Town Portal | 1 | |
2 total
Chat log
(00:09 / Allies) ProtoGod: air
(00:25 / Allies) GoldenShadder: cc or rush?
(00:28 / Allies) ProtoGod: cc
(00:28 / Allies) MONSTER-HUNTER-: c
(00:41 / Allies) GoldenShadder: fiends frost
(00:45 / Allies) ProtoGod: gryph hawk
(03:08 / Allies) MONSTER-HUNTER-: i have no idea why they're gonna move goblin labs to edge of map on this map
(03:18 / Allies) ProtoGod: ?
(05:33 / Allies) Majesty: teching
(05:41 / Allies) ProtoGod: good find
(06:18 / Allies) MONSTER-HUNTER-: that
(06:19 / Allies) MONSTER-HUNTER-: guy
(06:19 / Allies) MONSTER-HUNTER-: so hacks
(06:30 / Allies) GoldenShadder: ?
(06:34 / Allies) MONSTER-HUNTER-: blue does
(06:39 / Allies) MONSTER-HUNTER-: no way he shoulda done that
(07:30 / Allies) ProtoGod: come flank him
(07:51 / Allies) ProtoGod: COME
(07:59 / Allies) GoldenShadder: am
(08:34 / Allies) ProtoGod: ty
(08:40 / Allies) ProtoGod: wood plz
(08:41 / Allies) ProtoGod: 200
(08:49 / Allies) ProtoGod: aswesome
(09:17 / Allies) GoldenShadder: omw
(10:04 / Allies) ProtoGod: no expo for me
(10:05 / Allies) ProtoGod: fuck it
(10:18 / Allies) MONSTER-HUNTER-: he hacks i 100% know it
(10:26 / All) ProtoGod: we all know u hack
(10:30 / All) ProtoGod: as soon as my expo goes up
(10:34 / All) ProtoGod: u show up to the party
(10:36 / All) ProtoGod: sad life u have
(12:28 / Allies) GoldenShadder: do we have enough aa?
(12:33 / Allies) Majesty: no
(12:36 / Allies) ProtoGod: focusing more hawks
(12:44 / Allies) GoldenShadder: wood plz ?
(12:54 / Allies) GoldenShadder: ty
(12:56 / Allies) GoldenShadder: ty
(13:54 / Allies) MONSTER-HUNTER-: how many was there
(13:58 / Allies) ProtoGod: walk thru and hit him
(13:59 / Allies) ProtoGod: oj and blue
(14:00 / Allies) GoldenShadder: 3
(14:01 / Allies) ProtoGod: oj necs
(14:22 / Allies) GoldenShadder: my frost will melt necs
(14:49 / Allies) ProtoGod: kill gold
(14:58 / Allies) ProtoGod: b
(15:01 / Allies) GoldenShadder: go bot green
(15:08 / Allies) GoldenShadder: im coming
(15:44 / Allies) GoldenShadder: wait for my units
(16:38 / Allies) ProtoGod: gold me
(16:39 / Allies) ProtoGod: for repiar
(17:07 / Allies) ProtoGod: we atk now
(17:09 / Allies) ProtoGod: gold me for rb
(17:10 / Allies) ProtoGod: 400
(17:34 / Allies) ProtoGod: all in
(17:34 / Allies) ProtoGod: go
(17:36 / Allies) ProtoGod: now or never
(17:38 / Allies) GoldenShadder: next
(17:41 / All) Master: christ ez win if my allies werent 70 apm mongoloids
(17:57 / All) Master: nope not one of those fucking morons tp
(18:14 / All) Master: instead they want to fight in enemy base against mass aa
(18:23 / All) ProtoGod: fucking hacker
(18:25 / All) ProtoGod: blue
(18:30 / All) MONSTER-HUNTER-: nub hacker blue
(18:40 / All) ProtoGod: still lost
(18:45 / All) GoldenShadder: gg
(18:52 / All) ProtoGod: bad game
(19:04 / All) ProtoGod: very bad
(19:04 / All) MONSTER-HUNTER-: u guys shoulda tked blue
(19:07 / All) MONSTER-HUNTER-: hes a hacker obviously
(20:18 / All) MONSTER-HUNTER-: world war z best zombie movie yo
(21:15 / All) MONSTER-HUNTER-: blue so obviously hacks, he hit my base a week ago at the perfect time when i wasnt on outisde
(21:20 / All) MONSTER-HUNTER-: mass pinging it
(21:26 / All) ProtoGod: he just did it to me lol
(21:40 / All) MONSTER-HUNTER-: he shouldnt have used treants like that to backdoor
(21:43 / Allies) GoldenShadder: oops
(21:56 / Allies) ProtoGod: i have cloud
(21:57 / Allies) ProtoGod: brt